 Dungeon Crawl Stone Soup version 0.26.1-11-gd32895ea62 (webtiles) character file.

Game seed: 604865389914242942

122 JBAR the Skirmisher (level 4, -2/40 HPs)
             Began as a Draconian Fighter on July 9, 2021.
             Was an Initiate of the Shining One.
             Slain by an orc wizard
             ... wielding a +0 dagger
              (4 damage)
             ... on level 3 of the Dungeon.
             The game lasted 00:03:35 (3228 turns).

JBAR the Skirmisher (Draconian Fighter)             Turns: 3228, Time: 00:03:35

Health: -2/40      AC:  5    Str: 20    XL:     4   Next: 78%
Magic:  4/4        EV: 10    Int:  8    God:    the Shining One [......]
Gold:   171        SH:  0    Dex: 10    Spells: 3/3 levels left

rFire    . . .     SeeInvis +   a - +0 flail
rCold    . . .     Faith    .   b - +0 kite shield
rNeg     . . .     Spirit   .   (armour unavailable)
rPois    .         Reflect  .   (helmet restricted)
rElec    .         Harm     .   (no cloak)
rCorr    .         Rampage  .   (no gloves)
Will     .....                  (no boots)
Stlth    +.........             (no amulet)
HPRegen  0.13/turn              h - ring of see invisible
MPRegen  0.09/turn              (no ring)

@: confused, glowing
A: unfitting armour, cold-blooded, AC +5
a: Renounce Religion


You were on level 3 of the Dungeon.
You worshipped the Shining One.
The Shining One was noncommittal.
You visited 1 branch of the dungeon, and saw 3 of its levels.

You collected 171 gold pieces.

Inventory:

Hand Weapons
 a - a +0 flail (weapon)
 f - a +2 short sword of venom
Armour
 b - a +0 kite shield (worn)
Jewellery
 h - a ring of see invisible (left hand)
Scrolls
 d - 4 scrolls of teleportation {unknown}
 e - 4 scrolls of identify {unknown}
 g - 2 scrolls of amnesia {unknown}
 i - a scroll of enchant weapon {unknown}
 l - a scroll of random uselessness {unknown}
 o - a scroll of fear {unknown}
Potions
 c - a potion of might
 j - a potion of mutation {unknown}
 k - a potion of brilliance {unknown}
 m - a potion of flight {unknown}
 n - a potion of curing {unknown}


   Skills:
 * Level 4.0 Fighting
 + Level 1.5 Short Blades
 * Level 2.5 Maces & Flails
 * Level 3.3 Dodging
 + Level 0.4 Stealth
 * Level 3.7 Shields


You had 3 spell levels left.
You didn't know any spells.
Your spell library was empty.

Dungeon Overview and Level Annotations

Branches:
Dungeon (3/15)

Altars:
Elyvilon
Xom
The Shining One


Innate Abilities, Weirdness & Mutations

Your plain brown scales are hard. (AC +5)
You cannot fit into any form of body armour.
You are cold-blooded and may be slowed by cold attacks.


Message History

The orc wizard closely misses you. The orc closely misses you.
You sock the orc!
You kill the orc!
The orc wizard barely misses you. The orc closely misses you.
You feel less confused.
The orc wizard gestures at you while chanting.
You are confused.
The orc wizard casts a spell at you.
You are more confused.
You bump into the rock wall.
You're too confused to move!
The orc wizard gestures at you while chanting.
The magic dart hits you.
* * * LOW HITPOINT WARNING * * *
You bump into the rock wall.
You bump into the rock wall.
The orc wizard hits you but does no damage.
You bump into the rock wall.
The orc wizard hits you with a +0 dagger.
You die...

..##.#####.##....... #
#.##.#####.##..#.###
#.#..##.##................
......†o...#######...#####
#######.#.## #...# ###.#
#...# #o# #...##### #o#
#...##... #@#
#####...##.## #.#
............. #..
.......)..... #...
.............
#..#######...##... #..#
#...##### .... #...# #..#
#...# #...#


You could see an orc wizard (invisible) and an orc.

Vanquished Creatures
  An orc priest (D:3)
  A worker ant (D:3)
  2 worms (D:2)
  2 dart slugs (D:1)
  3 leopard geckos (D:1)
  5 orcs (D:3)
  3 giant cockroaches
  6 goblins
  9 hobgoblins
  A quokka (D:2)
  3 bats
  6 frilled lizards
  8 kobolds
  4 rats
54 creatures vanquished.

Notes
Turn   | Place    | Note
-------+----------+-------------------------------------------
     0 | D:1      | JBAR the Draconian Fighter began the quest for the Orb.
     0 | D:1      | Reached XP level 1. HP: 19/19 MP: 1/1
   501 | D:1      | Reached XP level 2. HP: 26/26 MP: 2/2
   752 | D:1      | Reached XP level 3. HP: 31/31 MP: 3/3
  1437 | D:2      | Found a glowing golden altar of the Shining One.
  1453 | D:2      | Became a worshipper of the Shining One
  1479 | D:2      | Found a shimmering altar of Xom.
  1659 | D:2      | Found a white marble altar of Elyvilon.
  2579 | D:3      | Reached skill level 1 in Short Blades
  2579 | D:3      | Reached XP level 4. HP: 22/40 MP: 4/4
  3089 | D:3      | Reached skill level 4 in Fighting
  3215 | D:3      | HP: 1/40 [orc wizard/puff of flame (7)]
  3225 | D:3      | HP: 1/40 [orc wizard/magic dart (1)]
  3228 | D:3      | Slain by an orc wizard

Illustrated notes

Levels and vault maps discovered:
D:1:      minmay_arrival_widening_spiral_wide, layout_basic
D:2:      layout_basic, old_standard_altar, elyvilon_altar_1,
          nicolae_overflow_crystal_walls, kennysheep_generic_room_9
D:3:      layout_loops_cross

Skill      XL: |  1  2  3  4 |
---------------+-------------+-----
Dodging        | 3 |  3.3
Short Blades   | 1 |  1.5
Fighting       | 4 |  4.0
Maces & Flails | |  2.5
Stealth        | |  0.4
Shields        | |  3.7

Action                   |  1- 3 |  4- 6 || total
-------------------------+-------+-------++-------
Melee: Flail             |    13 |    12 ||    25
       Short sword       |    82 |    11 ||    93
       Tailslap          |    10 |     3 ||    13
 Stab: Sleeping          |     1 |       ||     1
Armor: Skin              |     8 |     7 ||    15
Dodge: Dodged            |    29 |    15 ||    44
Block: Kite shield       |    37 |     6 ||    43
